[Event "*** Titled Tuesday Blitz"]
[Site "Chess.com"]
[Date "2021.02.02"]
[Round "11"]
[White "ZenBull"]
[Black "CakeinSpace2002"]
[Result "1-0"]
[WhiteElo "2270"]
[BlackElo "2360"]
[TimeControl "180+1"]
[EndTime "12:06:59 PST"]
[Termination "ZenBull won by resignation"]

1. Nf3 Nf6 2. c4 g6 3. Nc3 Bg7 4. e4 O-O 5. d4 d6 6. h3 c5 7. d5 e5 8. Bg5 h6 9. Be3 Nh7 10. Nd2 f5 11. f3 f4 12. Bf2 Bf6 13.
Bd3 Bh4 14. Qe2 Na6 15. O-O-O Nc7 16. Kb1 a6 17. Rc1 Bd7 18. Ka1 b5 19. Nd1 bxc4 20. Nxc4 Nb5 21. Bxh4 Qxh4 22. Nb6 Nd4 23. Qe1 Qxe1 24.
Rxe1 Ra7 25. Nxd7 Rxd7 26. Bxa6 Ra8 27. Bc4 Nf6 28. Nc3 Rb7 29. b3 Nxb3+ 30. Bxb3 Rxb3 31. Re2 Rba3 32. Rb2 R3a6 33. Rcb1 h5 34. Rb7 R8a7 35. Rxa7 Rxa7 36. Rb6 Ne8 37. Nb5 Ra4 38. Nxd6 Nxd6 39. Rxd6 Rd4 40. Rc6 Rd1+ 41. Kb2 Rd2+ 42. Kb3 Rxg2 43.
a4 Rf2 44. a5 Rxf3+ 45. Kc4 Ra3 46. a6 f3 47. Rf6 f2 48. Rxf2 Rxa6 49. Kxc5 Ra4 50. d6 Rxe4 51. Kd5 Re1 52. Ke6 e4 53. d7 Rd1 54. Ke7 e3 55. Re2 Kg7 56. Rxe3 g5 57. Re5 Kg6 58. Re6+ Kf5 59. Rd6 Rxd6 60. Kxd6 g4 61.
hxg4+ hxg4 62. d8=Q g3 63. Qh4 g2 64. Qf2+ 1-0

[Event "*** Titled Tuesday Blitz"]
[Site "Chess.com"]
[Date "2021.02.02"]
[Round "11"]
[White "AsaHoffmann"]
[Black "JAAC2002"]
[Result "0-1"]
[WhiteElo "2366"]
[BlackElo "2503"]
[TimeControl "180+1"]
[EndTime "12:07:00 PST"]
[Termination "JAAC2002 won by resignation"]

1. d4 Nf6 2. Bg5 g6 3. Nc3 Bg7 4. e4 d6 5. f3 c6 6. Qd2 Nbd7 7. a4 h5 8. Bd3 Qa5 9. Nge2 e5 10. Be3 exd4 11. Nxd4 O-O 12. Nb3 Qb4 13. Bh6 Nc5 14. Bxg7 Kxg7 15. Nxc5 Qxc5 16. Qf2 Qxf2+ 17. Kxf2 Be6 18. Rhd1 d5 19. e5 Nd7 20. f4 Bg4 21.
Re1 Nc5 22. h3 Be6 23. Ke3 Rad8 24. Kd4 b6 25. b4 Nd7 26. Ne2 c5+ 27. bxc5 bxc5+ 28.
Ke3 c4 29. Nd4 cxd3 30. cxd3 Rb8 31. Rg1 h4 32. g4 hxg3 33. Rxg3 Rb6 34. f5 Nxe5 35. fxe6 fxe6 36. Rag1 Rf6 37. h4 Nc6 38. h5 Ne7 39. Nf3 Nf5+ 40. Kd2 Nxg3 41. Rxg3 Rxf3 42.
Rxf3 gxh5 43. Kc3 Ra6 44. Kd4 Rxa4+ 45. Ke5 Ra6 46. d4 Rb6 47. Rh3 Kh6 48. Rf3 Kg5 49.
Rf8 Kg4 50. Rg8+ Kh3 51. Rh8 h4 52. Kf4 Rb4 53. Ke5 Kg3 54. Rg8+ Kh2 55. Kxe6 Rxd4 56. Ke5 Rd3 0-1

[Event "*** Titled Tuesday Blitz"]
[Site "Chess.com"]
[Date "2021.02.02"]
[Round "11"]
[White "Happy1712Drummer"]
[Black "Tekushka"]
[Result "1-0"]
[WhiteElo "2355"]
[BlackElo "2432"]
[TimeControl "180+1"]
[EndTime "12:07:00 PST"]
[Termination "Happy1712Drummer won on time"]

1. Nf3 d5 2. d4 Nf6 3. e3 e6 4. b3 c5 5. Bd3 Nc6 6. a3 Bd6 7. Bb2 b6 8. Ne5 Bb7 9. O-O O-O 10. Nd2 Ne7 11. dxc5 bxc5 12. Ng4 Nxg4 13. Qxg4 e5 14.
e4 d4 15. Nc4 Bc7 16. b4 cxb4 17. axb4 Bc8 18. Qh5 Ng6 19. g3 Be6 20. Ra6 Qb8 21. Rfa1 Bxc4 22. Bxc4 Qxb4 23. Bb3 Qd2 24. Ba3 Rfe8 25.
Rxg6 hxg6 26. Qxg6 Rf8 27. Bxf8 Rxf8 28. Rxa7 Qc3 29.
Qf5 d3 30. Rxc7 Qxc7 31. cxd3 Qc3 32. Bc4 Qd4 33. Kg2 Qd6 34. h4 Qe7 35. h5 Rd8 36. h6 gxh6 37. Qg6+ 1-0

[Event "*** Titled Tuesday Blitz"]
[Site "Chess.com"]
[Date "2021.02.02"]
[Round "11"]
[White "Sibelephant"]
[Black "Sam_ChessMood"]
[Result "0-1"]
[WhiteElo "3030"]
[BlackElo "2853"]
[TimeControl "180+1"]
[EndTime "12:07:01 PST"]
[Termination "Sam_ChessMood won by resignation"]

1. d4 Nf6 2. Bg5 d5 3. Nd2 c5 4. e3 Nc6 5. c3 Qb6 6. Qc2 e5 7. dxe5 Nxe5 8. Ngf3 Nxf3+ 9. gxf3 Be7 10. Rg1 Be6 11.
Bd3 g6 12. O-O-O O-O-O 13. c4 Rhe8 14. Kb1 d4 15. Nb3 dxe3 16. fxe3 Nh5 17. Bxe7 Rxe7 18. Be4 Nf6 19. Rxd8+ Kxd8 20. Bd3 Kc7 21. Qf2 Qd6 22. Be2 b6 23. Ka1 Qe5 24. f4 Qf5 25. Qf3 Qe4 26.
Qg3 Bf5 27. Qh4 Qxe3 28. Rc1 Nd7 29. Bf1 f6 30. Rd1 a5 31. Nc1 Bc2 32. Qg4 Bxd1 33. Qxd1 Qe1 0-1

[Event "*** Titled Tuesday Blitz"]
[Site "Chess.com"]
[Date "2021.02.02"]
[Round "11"]
[White "MasterMK73"]
[Black "Chamal_Gedgafov"]
[Result "1-0"]
[WhiteElo "2234"]
[BlackElo "2334"]
[TimeControl "180+1"]
[EndTime "12:07:01 PST"]
[Termination "MasterMK73 won by checkmate"]

1. e4 e5 2. Nc3 Nf6 3. g3 Bc5 4.
Bg2 Nc6 5. Nge2 h5 6. h3 d6 7. d3 h4 8. g4 Nh7 9. Na4 g5 10. Nxc5 dxc5 11. Be3 b6 12. Qd2 f6 13. c3 Ba6 14. Rd1 Qd7 15. Qc2 O-O-O 16. Nc1 Nf8 17. Bf1 Ne6 18. Qa4 Kb7 19. Be2 Qe7 20. Nb3 Rd7 21.
O-O Rhd8 22. Nc1 Nf4 23. Bxf4 exf4 24. f3 Rd6 25. d4 Bxe2 26. Nxe2 cxd4 27. cxd4 Qd7 28. d5 Ne5 29. Qc2 c6 30. Nc3 Qc8 31. Rc1 cxd5 32. exd5 Qd7 33. Qe4 Qf7 34. Nb5 Rxd5 35.
Rc7+ Qxc7 36. Nxc7 Kxc7 37. Rc1+ Kb8 38. Qh7 R8d7 39. Qg8+ Kb7 40. Qc8# 1-0

[Event "*** Titled Tuesday Blitz"]
[Site "Chess.com"]
[Date "2021.02.02"]
[Round "11"]
[White "TST2014"]
[Black "Sanyura"]
[Result "1/2-1/2"]
[WhiteElo "2558"]
[BlackElo "2684"]
[TimeControl "180+1"]
[EndTime "12:07:02 PST"]
[Termination "Game drawn by repetition"]

1. d4 Nf6 2. c4 g6 3. Nc3 Bg7 4. e4 d6 5. Nf3 O-O 6. Be2 e5 7. O-O Nc6 8. d5 Ne7 9. b4 Nh5 10. g3 f5 11. Ng5 Nf6 12. Bf3 c6 13. b5 cxd5 14. cxd5 h6 15. Ne6 Bxe6 16. dxe6 fxe4 17. Nxe4 d5 18. Nxf6+ Rxf6 19. Bg4 Nf5 20. Bb2 Rxe6 21. Qb3 e4 22. Bxg7 Kxg7 23. Rad1 Rd6 24. h4 Rc8 25. a4 d4 26. Rfe1 Rc3 27. Qb4 Nxh4 28. Rxd4 Rxd4 29. Qxc3 Kh7 30. gxh4 e3 31. Qxe3 Rxg4+ 32. Kf1 Rxa4 33. Qe7+ Qxe7 34. Rxe7+ Kg8 35. Rxb7 Rxh4 36.
Rxa7 Rb4 37. Rb7 Rb3 38. b6 h5 39. Kg2 g5 40. f3 Rb2+ 41. Kg3 Rb3 42. Kg2 Kh8 43. Kf2 Kg8 44. Kg2 1/2-1/2

[Event "*** Titled Tuesday Blitz"]
[Site "Chess.com"]
[Date "2021.02.02"]
[Round "11"]
[White "Camels1981"]
[Black "Blitzking642"]
[Result "1-0"]
[WhiteElo "2322"]
[BlackElo "2433"]
[TimeControl "180+1"]
[EndTime "12:07:03 PST"]
[Termination "Camels1981 won by resignation"]

1. e4 c5 2. Nf3 Nc6 3. d4 cxd4 4. Nxd4 g6 5. Nc3 Bg7 6. Be3 Nf6 7. Nxc6 bxc6 8. e5 Ng8 9. Bd4 f6 10. f4 fxe5 11. fxe5 Qa5 12. Bc4 Bxe5 13. O-O Bxd4+ 14. Qxd4 Qb6 15. Bf7+ Kd8 16. Rad1 Qxd4+ 17. Rxd4 Nf6 18.
Bb3 d6 19. Re1 Bd7 20. h3 Re8 21. g4 Rf8 22. Rd2 Rb8 23. Nd1 h5 24. g5 Nd5 25.
Bxd5 cxd5 26. Rxd5 Bxh3 27. b3 Rf5 28. Rxf5 Bxf5 29.
Ne3 Be6 30. c4 Kd7 31. Nc2 Rf8 32. Nd4 Bf5 33. Nb5 a6 34. Nc3 Be6 35. Ne4 Rf5 36. Rd1 Re5 37. Rd4 Bf5 38. Nc3 Be6 39. Ne4 Kc6 40. Kf2 d5 41. cxd5+ Bxd5 42. Nc3 Rxg5 43. Ra4 Rg2+ 44. Ke3 Rg3+ 45. Kd2 h4 46. Rxh4 g5 47. Rh6+ Kc5 48. Rxa6 Bf3 49. Re6 g4 50. Rxe7 Rg2+ 51. Ke3 Rc2 52. Rc7+ Kb4 53. Nd5+ Bxd5 54. Rxc2 g3 55. Rd2 g2 56. Kf2 Bc6 57. Kg1 Ka3 58. Rc2 Be4 59. Rxg2 1-0

[Event "*** Titled Tuesday Blitz"]
[Site "Chess.com"]
[Date "2021.02.02"]
[Round "11"]
[White "maximnovik"]
[Black "vovachesss"]
[Result "0-1"]
[WhiteElo "2575"]
[BlackElo "2748"]
[TimeControl "180+1"]
[EndTime "12:07:04 PST"]
[Termination "vovachesss won by checkmate"]

1. Nf3 d6 2. g3 e5 3. Bg2 Nf6 4.
O-O c5 5. Nc3 Nc6 6. e4 Be7 7.
d3 O-O 8. Nd2 Nd4 9. h3 Ne8 10.
Nd5 Nc7 11. c3 Nde6 12. a4 Nxd5 13. exd5 Nc7 14. Nc4 b6 15. f4 Bb7 16. fxe5 Bxd5 17. exd6 Bxd6 18. Nxd6 Bxg2 19. Kxg2 Qxd6 20. Bf4 Qc6+ 21.
Qf3 Nd5 22. Bd2 Rad8 23. g4 h6 24. Rfe1 f5 25. gxf5 Rxf5 26. Qe4 Rdf8 27. Kh1 Rf2 28. Rad1 Kh8 29. Rg1 Qd7 30. Qg4 Qc7 31. Rg2 R2f3 32.
Rdg1 R3f7 33. Qe4 Nf4 34. Bxf4 Rxf4 35. Qe3 Rf3 36. Qe6 R8f6 37. Qe8+ Rf8 38. Qh5 Qd7 39.
Rg6 Rxh3+ 40. Kg2 Rxh5 41. Kg3 Qf5 42. Rg4 Qf3# 0-1

[Event "*** Titled Tuesday Blitz"]
[Site "Chess.com"]
[Date "2021.02.02"]
[Round "11"]
[White "Fluke180"]
[Black "szachuspl"]
[Result "0-1"]
[WhiteElo "2444"]
[BlackElo "2544"]
[TimeControl "180+1"]
[EndTime "12:07:05 PST"]
[Termination "szachuspl won by resignation"]

1. d4 Nf6 2. Nc3 d5 3. Bg5 Bf5 4. Bxf6 exf6 5. e3 c6 6. Bd3 Bxd3 7. Qxd3 Bd6 8. Nf3 O-O 9. O-O Nd7 10. e4 dxe4 11. Nxe4 Bc7 12. c4 h6 13. Rad1 f5 14. Nc3 g6 15. Rfe1 Re8 16. Rxe8+ Qxe8 17. Re1 Qd8 18. Qe3 Bd6 19. Qxh6 Be7 20. h4 Bf6 21. Ng5 Nf8 22. Rd1 Bg7 23. Nxf7 Kxf7 24. Qe3 Qe7 25.
Qf3 Qxh4 26. d5 Qxc4 27. dxc6 Qxc6 28. Qe3 Bxc3 29. bxc3 a6 30. Qe5 Re8 31. Qh8 Qf6 32.
Qh2 f4 33. Qh3 f3 34. gxf3 Re5 35. Qc8 Rg5+ 36. Kf1 Qc6 37. Qd8 Qc4+ 38. Rd3 Re5 39.
Kg2 Re7 40. Rd4 Qc7 41. Qd5+ Ne6 42. Rh4 Kg7 43. Qd2 g5 44. Rg4 Nf4+ 45. Kg1 Qe5 46.
Kh2 Ng6+ 47. Kh3 Kf6 48. Qd8 Nf4+ 49. Kh2 Ne6+ 50. Kg1 Nxd8 0-1

[Event "*** Titled Tuesday Blitz"]
[Site "Chess.com"]
[Date "2021.02.02"]
[Round "11"]
[White "rasmussvane"]
[Black "swisspower96"]
[Result "1/2-1/2"]
[WhiteElo "2880"]
[BlackElo "2691"]
[TimeControl "180+1"]
[EndTime "12:07:06 PST"]
[Termination "Game drawn by agreement"]

1. Nf3 d5 2. d4 Nf6 3. c4 e6 4. g3 Be7 5. Bg2 O-O 6. O-O dxc4 7. Qc2 a6 8. Qxc4 b5 9. Qc2 Bb7 10. Bd2 Nc6 11. e3 Nb4 12. Bxb4 Bxb4 13. a3 Be7 14. Nbd2 Rc8 15. Nb3 Be4 16. Qc3 Qd5 17. Nbd2 c5 18.
Nxe4 Nxe4 19. Qa5 Qd6 20. dxc5 Nxc5 21. Rad1 Qc7 22. Qxc7 Rxc7 23. Nd4 Na4 24. b4 Bf6 25. Nc6 Rfc8 26. Rd6 Nb2 27. Na5 Ra7 28. Nc6 Rac7 29. Na5 Ra7 30. Bf3 Be5 31. Rc6 Rd8 32. Rfc1 g6 33. Rc8 Rxc8 34. Rxc8+ Kg7 35. Bb7 Nc4 36. Bc6 Nxa5 37. bxa5 Bc7 38. Ra8 Rxa8 39. Bxa8 Bxa5 40. Bb7 b4 41. axb4 Bxb4 42. Bxa6 Be7 1/2-1/2

[Event "*** Titled Tuesday Blitz"]
[Site "Chess.com"]
[Date "2021.02.02"]
[Round "11"]
[White "Chernobay_Artem"]
[Black "KuzubovYuriy"]
[Result "1-0"]
[WhiteElo "2638"]
[BlackElo "2824"]
[TimeControl "180+1"]
[EndTime "12:07:09 PST"]
[Termination "Chernobay_Artem won by resignation"]

1. d4 Nf6 2. c4 e6 3. Nf3 d5 4. g3 Bb4+ 5. Bd2 Bd6 6. Nc3 O-O 7. Bg2 c6 8. Bg5 Nbd7 9. e4 dxe4 10. Nxe4 Bb4+ 11.
Bd2 Bxd2+ 12. Nexd2 e5 13. O-O exd4 14. Nxd4 Nc5 15. N2b3 Bg4 16. Qc2 Nxb3 17. Nxb3 Re8 18.
Rfe1 Qc7 19. Qc3 h6 20. h3 Bh5 21. Nc5 Bg6 22. Rad1 Rad8 23. Rxe8+ Rxe8 24. Qd2 b6 25. Na6 Qc8 26. Nb4 Be4 27. Qd6 c5 28. Nd5 Bxd5 29. cxd5 Qd8 30. Qf4 g5 31. Qa4 Qd6 32. Qxa7 Re2 33.
b3 h5 34. Qa8+ Kg7 35. Qc6 Qe5 36. d6 g4 37. d7 Qf5 38. d8=Q Qxf2+ 39. Kh2 h4 40.
Qdxf6+ Qxf6 41. Qxf6+ Kxf6 42. hxg4 hxg3+ 43. Kxg3 Rxa2 44.
Rd6+ Ke7 45. Rxb6 Rd2 46. Be4 1-0

[Event "*** Titled Tuesday Blitz"]
[Site "Chess.com"]
[Date "2021.02.02"]
[Round "11"]
[White "IMAghasiyevKamal"]
[Black "Sergienko_Sergey"]
[Result "1/2-1/2"]
[WhiteElo "2564"]
[BlackElo "2398"]
[TimeControl "180+1"]
[EndTime "12:07:09 PST"]
[Termination "Game drawn by repetition"]

1. d4 Nf6 2. c4 c5 3. Nf3 cxd4 4. Nxd4 b6 5. Nc3 Bb7 6. f3 e6 7. e4 d6 8. Be3 Be7 9. Qa4+ Nbd7 10. Nc6 Bxc6 11.
Qxc6 O-O 12. Be2 d5 13. cxd5 exd5 14. Nxd5 Nxd5 15. Qxd5 Bb4+ 16. Kf2 Qe7 17. Rhd1 Nf6 18. Qf5 g6 19. Qb5 Bc5 20. Bxc5 bxc5 21. Rac1 Rfc8 22. b3 Qe5 23. Qa6 Kg7 24. Qd6 Qg5 25. Qg3 Qh6 26. Qe5 Re8 27. Qxc5 Qxh2 28. Qe3 Qe5 29. Rc5 Qb2 30. Qd4 Qxa2 31. Rc6 Re6 32. Rxe6 fxe6 33. Qc4 Re8 34. Rd6 Qa5 35. Rxe6 Rxe6 36. Qxe6 Qc5+ 37. Kg3 Qg5+ 38. Kf2 Qc5+ 39. Kf1 Qc1+ 40. Kf2 Qc5+ 1/2-1/2

[Event "*** Titled Tuesday Blitz"]
[Site "Chess.com"]
[Date "2021.02.02"]
[Round "11"]
[White "hleol"]
[Black "Forantes"]
[Result "1-0"]
[WhiteElo "2411"]
[BlackElo "2290"]
[TimeControl "180+1"]
[EndTime "12:07:09 PST"]
[Termination "hleol won by checkmate"]

1. d4 Nf6 2. Bg5 d5 3. e3 g6 4.
Bxf6 exf6 5. g3 Bg7 6. Bg2 O-O 7.
Ne2 c6 8. O-O Nd7 9. c4 dxc4 10.
Nd2 f5 11. Nxc4 Nf6 12. Qd3 Be6 13. Ne5 Bd5 14. Nf4 Bxg2 15. Kxg2 Ne4 16. Rfd1 Qe7 17.
Nf3 Rfd8 18. Rac1 c5 19. Qc4 Rac8 20. Nd5 Qe6 21. Nf4 Qc6 22. d5 Qd6 23. Rc2 a6 24. a4 Qd7 25. h4 b5 26. axb5 axb5 27. Qe2 c4 28. Nd4 Be5 29. Nf3 Nc5 30. Nxe5 Qb7 31.
Nc6 Rxc6 32. dxc6 Qxc6+ 33. Kh2 Re8 34. Rd5 Ne6 35. Qf3 Nxf4 36. exf4 Kg7 37. Rcd2 b4 38. Qd1 c3 39. bxc3 bxc3 40. Rc2 Re4 41. Rd6 Qc5 42. Rd8 Qc4 43. Qd6 Re1 44. Qf8+ Kf6 45.
Rd6+ Re6 46. Rxe6+ Kxe6 47. Qe8+ Kf6 48. Qe5# 1-0

[Event "*** Titled Tuesday Blitz"]
[Site "Chess.com"]
[Date "2021.02.02"]
[Round "11"]
[White "onetowin"]
[Black "guy_levin1"]
[Result "0-1"]
[WhiteElo "1991"]
[BlackElo "2556"]
[TimeControl "180+1"]
[EndTime "12:07:10 PST"]
[Termination "guy_levin1 won on time"]

1. d4 Nf6 2. Nf3 Nc6 3. d5 Nb8 4. Nc3 e6 5. e4 exd5 6. e5 Ne4 7. Nxd5 Bc5 8. Be3 c6 9. Bxc5 Nxc5 10. Nc3 O-O 11. Be2 f6 12. exf6 Qxf6 13. Qd4 Qxd4 14.
Nxd4 d5 15. O-O Ne6 16. Nxe6 Bxe6 17. Bf3 Nd7 18. Rfe1 Rae8 19. Re2 Bf5 20. Rae1 Nf6 21. Nd1 Bxc2 22. Ne3 Be4 23. Ng4 Nxg4 24. Bxg4 Bg6 25. Bd7 Rxe2 26. Rxe2 Rd8 27. Bg4 Kf8 28. f4 Re8 29.
Rd2 Be4 30. Kf2 c5 31. Bf3 Bxf3 32. Kxf3 d4 33. Rc2 b6 34. Rd2 Re3+ 35. Kf2 Ke7 36.
b4 Kd6 37. bxc5+ bxc5 38. Rb2 Ra3 39. Rb7 Rxa2+ 40. Kf3 Ra3+ 41. Ke2 c4 42. Rxg7 Ra2+ 43.
Ke1 c3 44. Rxh7 Ra1+ 45. Ke2 c2 0-1

[Event "*** Titled Tuesday Blitz"]
[Site "Chess.com"]
[Date "2021.02.02"]
[Round "11"]
[White "Shahaliyev"]
[Black "Isajevsky_Anton"]
[Result "1-0"]
[WhiteElo "2724"]
[BlackElo "2539"]
[TimeControl "180+1"]
[EndTime "12:07:13 PST"]
[Termination "Shahaliyev won on time"]

1. e4 c5 2. Nf3 d6 3. c3 Nf6 4. Be2 Bd7 5. d3 e5 6. O-O Be7 7. Nbd2 O-O 8. Nc4 Nc6 9. Bg5 Be6 10. Ne3 h6 11. Bxf6 Bxf6 12. Qd2 g6 13. Bd1 Bg7 14. Bb3 Qd7 15. Bd5 Kh7 16. Rfe1 Rae8 17. Qc2 f5 18. exf5 gxf5 19. Bxe6 Rxe6 20. d4 exd4 21. cxd4 Nxd4 22. Nxd4 Bxd4 23. Nd5 Re5 24. Nf4 Rfe8 25. Nd3 Rxe1+ 26. Rxe1 Rxe1+ 27. Nxe1 Qe6 28. Kf1 Kg7 29. Nf3 Bf6 30.
b3 b5 31. Nd2 a6 32. g3 Qd5 33. f3 Kf7 34. Kg2 Ke6 35. Nf1 Bd4 36. Qd2 Bg7 37.
Qe2+ Qe5 38. Qd2 Qd4 39. Qe1+ Kf7 40. Qa5 b4 41. Qxa6 f4 42. Qe2 Be5 43. Nd2 Qb2 44. Kf1 fxg3 45. hxg3 1-0

[Event "*** Titled Tuesday Blitz"]
[Site "Chess.com"]
[Date "2021.02.02"]
[Round "11"]
[White "FairChess_on_YouTube"]
[Black "Hikaru"]
[Result "0-1"]
[WhiteElo "2945"]
[BlackElo "3191"]
[TimeControl "180+1"]
[EndTime "12:07:14 PST"]
[Termination "Hikaru won by resignation"]

1. d4 Nf6 2. c4 e6 3. Nf3 d5 4. Nc3 Be7 5. Bf4 O-O 6. e3 Nbd7 7. Be2 dxc4 8. O-O Nb6 9. Ne5 c5 10. dxc5 Bxc5 11. Nxc4 Nxc4 12. Bxc4 Bd7 13. Rc1 a6 14. Be2 Bc6 15. Bf3 Rc8 16. Bxc6 Rxc6 17. Na4 Nd7 18. Qh5 Qe7 19. Rfd1 Rfc8 20. h3 h6 21. Qf3 Ba7 22. Rxc6 Rxc6 23. Nc3 Bb6 24.
Qg3 Kh7 25. Bd6 Qe8 26. Qf3 Kg8 27. Qg3 Bd8 28. Ba3 Bc7 29. Qf3 Nf6 30. Ne4 Nd5 31.
Nc5 Qc8 32. Nd3 Rc2 33. Qe4 Bb8 34. Qa4 b5 35. Qb3 Rc4 36. Nb4 Nf6 37. Nd3 Qc7 38. Ne1 Nd5 39. Qd3 b4 40. b3 Rc3 41. Qxa6 bxa3 42. Kf1 Rc1 43. Rxc1 Qxc1 44. Qb5 Bd6 45. Qe8+ Bf8 46. Qa8 Nb4 47. Qxa3 Qxa3 0-1

[Event "*** Titled Tuesday Blitz"]
[Site "Chess.com"]
[Date "2021.02.02"]
[Round "11"]
[White "Tartody"]
[Black "anon219"]
[Result "1-0"]
[WhiteElo "2670"]
[BlackElo "2865"]
[TimeControl "180+1"]
[EndTime "12:07:14 PST"]
[Termination "Tartody won on time"]

1. Nf3 d5 2. b3 Nf6 3. Bb2 Bf5 4.
d3 e6 5. Nbd2 h6 6. g3 Be7 7. Bg2 Bh7 8. e4 O-O 9. Qe2 c5 10. e5 Nfd7 11. h4 Nc6 12. g4 Nb4 13. Nf1 f6 14. a3 Nc6 15. exf6 Bxf6 16. Qxe6+ Kh8 17. O-O-O Bxb2+ 18. Kxb2 Bg8 19. Qd6 a5 20. g5 Nde5 21. Qxd8 Raxd8 22. N1d2 Rf4 23. gxh6 gxh6 24. Rde1 Nxf3 25. Nxf3 Rdf8 26. Ne5 Kg7 27. Rhg1 Nxe5 28. Rxe5 Kf6 29. Rh5 Kg6 30. Bf3+ Kh7 31. Bxd5 Bxd5 32. Rxd5 R4f5 33. Rd6 R5f6 34. Rxf6 Rxf6 35. Rg4 Rxf2 36. b4 axb4 37. axb4 cxb4 38. Rxb4 Kg6 39. Rxb7 Kh5 40. Rg7 Kxh4 41. d4 h5 42. Kc3 Kh3 43. d5 h4 44. Kd3 Kh2 45. c4 h3 46. d6 Kh1 47. d7 1-0

[Event "*** Titled Tuesday Blitz"]
[Site "Chess.com"]
[Date "2021.02.02"]
[Round "11"]
[White "Iskusnyh"]
[Black "SilviusTiberius"]
[Result "0-1"]
[WhiteElo "2581"]
[BlackElo "2491"]
[TimeControl "180+1"]
[EndTime "12:07:14 PST"]
[Termination "SilviusTiberius won by checkmate"]

1. d4 Nf6 2. c4 e6 3. g3 d5 4. Nf3 Be7 5. Bg2 O-O 6. O-O dxc4 7. Qa4 a6 8. Qxc4 b5 9. Qc2 Bb7 10. Bd2 Be4 11. Qc1 Bb7 12. Bg5 Nbd7 13. Nbd2 Rc8 14. Bxf6 Bxf6 15. Nb3 c5 16. dxc5 Qe7 17. Na5 Rxc5 18.
Qe3 Bxf3 19. Bxf3 Bxb2 20. Rad1 Rc7 21. Nc6 Qa3 22. Rd3 Qc5 23. Qd2 Ne5 24. Nxe5 Bxe5 25. Rd1 g6 26. h4 Bg7 27. h5 g5 28. Rd8 Rc8 29. Rd7 h6 30. Qd6 Qxd6 31. R1xd6 a5 32.
Ra7 a4 33. Rdd7 Rc2 34. Rdb7 Rxa2 35. Rxb5 a3 36. Rbb7 Bd4 37. Ra4 Bc5 38. Rb5 Rc2 39. Rba5 Rb8 40. Kg2 Rbb2 41. Ra8+ Kg7 42. R8a6 a2 43.
g4 Be7 44. e3 Bf6 45. Be4 Rxf2+ 46. Kg3 Rbd2 47. Ra7 Be5+ 48. Kh3 Rh2# 0-1

[Event "*** Titled Tuesday Blitz"]
[Site "Chess.com"]
[Date "2021.02.02"]
[Round "11"]
[White "svilson23"]
[Black "Oligan22"]
[Result "1-0"]
[WhiteElo "2314"]
[BlackElo "2501"]
[TimeControl "180+1"]
[EndTime "12:07:14 PST"]
[Termination "svilson23 won by resignation"]

1. d4 d5 2. Bg5 c5 3. e3 Nc6 4. Nf3 Qb6 5. b3 f6 6. Bf4 g5 7. Bg3 cxd4 8. Nxd4 h5 9. h4 g4 10. Bd3 Ne5 11. Nc3 Qa5 12. Qd2 Nxd3+ 13. Qxd3 e5 14.
Ne2 Ne7 15. O-O Bf5 16. Qd2 O-O-O 17. a3 Bh6 18. b4 Qc7 19. Nb5 Qb6 20. Qc3+ Nc6 21.
a4 a6 22. Nbd4 exd4 23. Nxd4 Qxb4 24. Qxb4 Nxb4 25. Nxf5 Nc6 26. Rab1 Rh7 27. Nd6+ Rxd6 28. Bxd6 Rd7 29. Bg3 Ne5 30. Rfd1 Nc4 31. Rd4 Bg7 32. Rbd1 Nb6 33. a5 Nc4 34. Rxd5 Rxd5 35. Rxd5 Ne5 36. Bxe5 fxe5 37. f4 exf4 38. exf4 Kc7 39. Rxh5 Bd4+ 40. Kf1 Kc6 41. Rf5 Bc3 42. h5 Kd6 43. h6 Ke6 44.
Rg5 Kf7 45. Rxg4 Kf6 46. Rg7 Kf5 47. Rxb7 Ke4 48. h7 Ke3 1-0

[Event "*** Titled Tuesday Blitz"]
[Site "Chess.com"]
[Date "2021.02.02"]
[Round "11"]
[White "mjray79"]
[Black "KubaGepard"]
[Result "1-0"]
[WhiteElo "2521"]
[BlackElo "2352"]
[TimeControl "180+1"]
[EndTime "12:07:15 PST"]
[Termination "mjray79 won by checkmate"]

1. d4 d5 2. c4 dxc4 3. Nf3 Nf6 4. e3 e6 5. Bxc4 c5 6. O-O Nc6 7. Nc3 a6 8. a4 Be7 9. b3 O-O 10. Bb2 b6 11. d5 exd5 12. Nxd5 Nxd5 13. Bxd5 Bb7 14.
e4 Na5 15. Qd3 Bxd5 16. exd5 Bf6 17. Ne5 Qd6 18. Nc4 Nxc4 19. Bxf6 Qxf6 20. bxc4 Rfe8 21. Rab1 g6 22. d6 Rab8 23. Rfd1 Re6 24. a5 Rd8 25. Rxb6 Kg7 26. h3 Qf4 27. d7 Re7 28. Rd6 f6 29.
Qd5 Re2 30. Qxc5 h5 31. R6d3 h4 32. Rf3 Qb8 33. Qd4 Re6 34. c5 Kg8 35. Qd5 Qe5 36. Qxe5 fxe5 37. Rb3 Kf7 38. Rb6 Ke7 39. Rxe6+ Kxe6 40.
c6 Ke7 41. Kh2 g5 42. Rd5 e4 43. c7 Rxd7 44. Re5+ Kd6 45. c8=Q Kxe5 46. Qxd7 Kf4 47.
Qd2+ e3 48. Qxe3+ Kf5 49. Qb6 g4 50. Qxa6 g3+ 51. fxg3 hxg3+ 52. Kxg3 Ke4 53. Qc4+ Ke3 54.
a6 Kd2 55. a7 Ke3 56. a8=Q Kd2 57. Qaa2+ Kd1 58. Qce2+ Kc1 59. Qec2# 1-0

[Event "*** Titled Tuesday Blitz"]
[Site "Chess.com"]
[Date "2021.02.02"]
[Round "11"]
[White "Snowflake"]
[Black "mirochka"]
[Result "0-1"]
[WhiteElo "2323"]
[BlackElo "2232"]
[TimeControl "180+1"]
[EndTime "12:07:17 PST"]
[Termination "mirochka won by checkmate"]

1. e4 c5 2. Nc3 Nc6 3. f4 d6 4.
Nf3 g6 5. Bc4 Bg7 6. O-O e6 7. d3 Nge7 8. Qe1 O-O 9. Qh4 d5 10.
Bb3 Nd4 11. f5 gxf5 12. exd5 Nxb3 13. axb3 Nxd5 14. Bg5 Qd6 15. Bh6 e5 16. Nxd5 Bxh6 17.
Nf6+ Kg7 18. Nh5+ Kh8 19. Ng5 Bxg5 20. Qxg5 Qg6 21. Qh4 Rg8 22. Rf2 Be6 23. Nf6 Rg7 24.
g3 Qg5 25. Qxg5 Rxg5 26. h4 Rxg3+ 27. Kh2 Rg6 28. Nh5 Rh6 29. Ng3 Rxh4+ 30. Kg1 Rg8 31. Rg2 Rhg4 32. Re1 Rxg3 33. Rxg3 Rxg3+ 34. Kf2 Rh3 35. Rxe5 Kg7 36. Rxc5 Kf6 37. Rc7 Bd5 38. c4 Bc6 39. d4 Rxb3 40. d5 Ba4 41. c5 Rxb2+ 42. Ke3 a5 43. Kd4 Rd2+ 44. Kc4 Rc2+ 45. Kd3 Rc1 46. Kd2 Rd1+ 47. Kc3 Rxd5 48. Kc4 Rd1 49. Rxb7 Rc1+ 50. Kd4 Bd1 51. Rb6+ Kg5 52. Ra6 Bf3 53. Rxa5 h5 54. Ke3 Be4 55. Kf2 h4 56. Ra7 h3 57.
Rxf7 h2 58. Rh7 h1=Q 59. Rxh1 Rxh1 60. Ke3 Rc1 61. Kd4 Rc2 62. Ke5 Rxc5+ 63. Kd6 f4 64. Ke7 f3 65. Kd8 f2 66. Ke7 f1=Q 67. Kd6 Qd3+ 68. Ke7 Qd5 69. Ke8 Rc7 70. Kf8 Qd8# 0-1

[Event "*** Titled Tuesday Blitz"]
[Site "Chess.com"]
[Date "2021.02.02"]
[Round "11"]
[White "Blitzstream"]
[Black "davidkalashian"]
[Result "0-1"]
[WhiteElo "2749"]
[BlackElo "2612"]
[TimeControl "180+1"]
[EndTime "12:07:18 PST"]
[Termination "davidkalashian won by checkmate"]

1. e4 c5 2. Nf3 d6 3. b4 Nf6 4. bxc5 Nxe4 5. cxd6 Nxd6 6. d4 g6 7.
Be2 Bg7 8. O-O O-O 9. c4 Nc6 10. Bb2 Bg4 11. Nbd2 Nf5 12. Qb3 Ncxd4 13. Nxd4 Nxd4 14.
Bxd4 Qxd4 15. Bxg4 Qxg4 16. Rae1 Rad8 17. Ne4 b6 18. c5 bxc5 19. Nxc5 Qd4 20. Ne4 e6 21. Re3 Rb8 22. Qa3 Rfd8 23. h3 Bf8 24. Qa6 Rb2 25. a3 Bg7 26. Qc6 Bh6 27. Rf3 Bg7 28. Ng5 Qd7 29. Qa6 Qb5 30. Qxb5 Rxb5 31. Nxf7 Rd7 32.
a4 Ra5 33. Re3 Rxf7 34. Rxe6 Rxa4 35. g3 Ra2 36. Re8+ Bf8 37. Kg2 Kg7 38. Rc8 a5 39. g4 a4 40. Kg3 Bd6+ 41. f4 Ra3+ 42. Kh4 Rxf4 43. Re1 Rf7 44. Rc6 Bg3+ 45. Kg5 h6# 0-1

[Event "*** Titled Tuesday Blitz"]
[Site "Chess.com"]
[Date "2021.02.02"]
[Round "11"]
[White "superchess02"]
[Black "IriBu"]
[Result "0-1"]
[WhiteElo "2763"]
[BlackElo "2566"]
[TimeControl "180+1"]
[EndTime "12:07:18 PST"]
[Termination "IriBu won by resignation"]

1. d4 Nf6 2. c4 e6 3. Nc3 Bb4 4. e3 O-O 5. Nf3 d5 6. Bd3 b6 7. O-O dxc4 8. Bxc4 Bb7 9. Qe2 a6 10. Rd1 b5 11. Bd3 Nbd7 12. e4 Be7 13. e5 Nd5 14. Ne4 h6 15. a4 Nb4 16. Bb1 Re8 17. Bd2 bxa4 18. Nc5 Bxc5 19. dxc5 Nd5 20. Qd3 Nf8 21. Rxa4 Kh8 22. Rh4 Ng6 23. Bxh6 Kg8 24. Bg5 Qd7 25. Rd4 Qc6 26. b4 a5 27. b5 Qxc5 28. Nh4 Nf8 29. Rg4 Qc3 30. Bh6 Qxd3 31. Bxd3 g6 32. Bxf8 Kxf8 33. Ra1 Red8 34. Be4 a4 35. Nf3 a3 36. Rg3 a2 37. Nd4 Ra4 38. Rd3 Nf4 39.
Nxe6+ Nxe6 40. Rxd8+ Nxd8 41. Bc2 Ra3 42. Kf1 Bd5 43.
Ke2 Ne6 44. Kd2 Nd4 45. Bd3 Nb3+ 0-1